 Dungeon Sprint DCSS version 0.26-a0-70-g31f1466007 (webtiles) character file.

Game seed: 770687383495037898

9980 Conn the Eclecticist (level 11, -2/65 HPs)
             Began as an Octopode Wizard on June 13, 2020.
             Was a High Priest of Sif Muna.
             Slain by a jiangshi (3 damage)
             ... summoned by a mummy priest
             ... in the Dungeon (Sprint I: "Red Sonja").
             The game lasted 00:51:54 (3224 turns).

Conn the Eclecticist (Octopode Wizard)              Turns: 3224, Time: 00:51:55

Health: -2/65      AC:  1    Str:  6    XL:     11   Next: 55%
Magic:  19/37      EV: 14    Int: 29    God:    Sif Muna [*****.]
Gold:   801        SH:  0    Dex: 12    Spells: 0/42 levels left

rFire    + . .     SeeInvis .   h - staff of conjuration
rCold    + . .     Gourm    .   (no shield)
rNeg     . . .     Faith    .   a - +0 hat
rPois    .         Spirit   .   (no amulet)
rElec    .         Reflect  .   l - ring of magical power
rCorr    .         Harm     .   q - ring of protection from fire
MR       .....     NoTele   +   r - ring of protection from cold
Stlth    ++++......             s - +6 ring of intelligence
HPRegen  0.20/turn              (no ring)
MPRegen  0.25/turn              (no ring)
                                (no ring)
                                (no ring)

@: very slightly contaminated
A: almost no armour, stealthy swim, amphibious, 8 rings, constrict 8, camouflage
1, low mp 1, gelatinous body 1
a: Channel Magic, Forget Spell, Divine Exegesis, Renounce Religion


You were in the Dungeon.
You worshipped Sif Muna.
Sif Muna was extremely pleased with you.
You were hungry.

You visited 1 branch You collected 2240 gold pieces.
You spent 1439 gold pieces at shops.

Inventory:

Hand Weapons
 f - a +0 scythe
 j - a +1 dagger of venom
Missiles
 k - 6 curare-tipped darts (quivered)
Armour
 a - a +0 hat (worn)
Magical Staves
 h - an uncursed staff of conjuration (weapon)
Jewellery
 l - a ring of magical power (left tentacle)
 p - the cursed ring of Suagrargh {rElec rN+ Str+3 Int-4 Slay-6}
   (You bought it in a shop in the Dungeon)

   [ring of intelligence]

   It affects your strength (+3).
   It affects your intelligence (-4).
   It affects your accuracy and damage with ranged weapons and melee attacks
   (-6).
   It insulates you from electricity.
   It protects you from negative energy.
   It has a curse placed upon it.
 q - a ring of protection from fire (right tentacle)
 r - a ring of protection from cold (on tentacle)
 s - a +6 ring of intelligence (on tentacle)
Wands
 b - a wand of flame (19)
Scrolls
 n - a scroll of identify
Potions
 d - 4 potions of curing
 g - a potion of magic
 m - 2 potions of haste
Comestibles
 c - 3 rations


   Skills:
 + Level 2.5 Fighting
 + Level 0.8 Short Blades
 + Level 1.8 Staves
 + Level 0.4 Throwing
 + Level 4.0 Dodging
 + Level 7.0 Stealth
 + Level 16.4 Spellcasting
 * Level 10.4 Conjurations
 + Level 9.4 Summonings
 + Level 5.3 Translocations
 * Level 9.9 Fire Magic
 + Level 3.8 Air Magic
 + Level 4.3 Poison Magic
 - Level 8.8 Invocations
 + Level 0.4 Evocations


You couldn't memorise any spells.
You knew the following spells:

 Your Spells              Type           Power        Failure   Level  Hunger
a - Magic Dart            Conj           ####         1%          1    None
b - Blink                 Tloc           N/A          1%          2    None
c - Call Imp              Summ           ######..     1%          2    None
d - Conjure Flame         Conj/Fire      #######.     1%          3    None
e - Mephitic Cloud        Conj/Pois/Air  ######..     1%          3    None
f - Iskenderun's Mystic   Conj/Tloc      #######.     1%          4    None
g - Spellforged Servitor  Conj/Summ      #######...   28%         7    #####..
h - Call Canine Familiar  Summ           ######..     1%          3    None
i - Fireball              Conj/Fire      #######...   1%          5    None
j - Summon Demon          Summ           ######....   1%          5    None
k - Summon Forest         Summ/Tloc      ######....   2%          5    None
l - Searing Ray           Conj           ######       1%          2    None

Your spell library contained the following spells:

 Spells                   Type           Power        Failure   Level  Hunger
 Foxfire                  Conj/Fire      ####         1%          1    None
 Sandblast                Erth           ###...       1%          1    None
 Shock                    Conj/Air       ####         1%          1    None
 Dazzling Flash           Conj/Hex       ######       1%          3    None
 Recall                   Summ/Tloc      N/A          1%          3    None
 Sticky Flame             Conj/Fire      #######.     1%          4    None
 Aura of Abjuration       Summ           ######....   1%          5    None
 Lightning Bolt           Conj/Air       #######...   2%          5    None
 Slow                     Hex            ###.....     3%          2    None
 Bolt of Magma            Conj/Fire/Erth #######...   3%          5    None
 Starburst                Conj/Fire      #######...   4%          6    ###....
 Irradiate                Conj/Tmut      ######....   6%          5    None
 Shadow Creatures         Summ           N/A          6%          6    ###....
 Summon Mana Viper        Hex/Summ       ######..     8%          5    None
 Iron Shot                Conj/Erth      ######....   34%         6    ###....
 Monstrous Menagerie      Summ           ######....   34%         7    #####..
 Summon Hydra             Summ           ######....   34%         7    #####..
 Malign Gateway           Summ/Tloc      ######....   61%         7    #####..
 Statue Form              Tmut/Erth      ###......    96%         6    ###....
 Chain Lightning          Conj/Air       #######...   100%        8    ######.
 Dragon's Call            Summ           ######....   100%        9    #######
 Fire Storm               Conj/Fire      #######...   100%        9    #######
 Shatter                  Erth           ###.......   100%        9    #######


Dungeon Overview and Level Annotations

Branches:
Dungeon (1/1)

Altars:
Cheibriados
Dithmenos
Elyvilon
Fedhas
Gozag
Hepliaklqana
Kikubaaqudgha
Makhleb
Nemelex Xobeh
Okawaru
Qazlal
Ru
Sif Muna
Trog
Uskayaw
Vehumet
Wu Jian
Xom
Yredelemnul
Zin
The Shining One
Jiyva
Lugonu

Shops:
D }*=}}!*:=}=*[}*=:(=[[


Innate Abilities, Weirdness & Mutations

You cannot wear most types of armour.
You are very stealthy in the water. (Stealth+)
You are amphibious.
You can wear up to eight rings at the same time.
You can use your tentacles to constrict eight enemies at once.
Your skin changes colour to match your surroundings (Stealth+).
Your rubbery body absorbs attacks. (AC +1, EV +1)
Your magical capacity is low. (-10% MP)


Message History

Unknown command.
Unknown command.
Unknown command.
Okay, then.
Okay, then.
Unknown command.
Unknown command.
Okay, then.
Unknown command.
Unknown command.
Unknown command.
Okay, then.
Unknown command.
Unknown command.
Okay, then.
Unknown command.
Unknown command.
Magic courses through your body. The jiangshi barely misses you.
The jiangshi claws you.
You die...

################################
.)...#((#.§§§§§.§.§§'§.#^4+.§§§#
.#..†##'#.####§§@V§##§.44^#§.§.##
##...'..#.# ##§§§#######W#§§§§§#
§#####..'.# ###+# #..#....§#
§#..##+#### #.W##§.§.# .5..#
#..≈###+## §#.§# #..§)|# ###'###
#..≈.## ###.3.# #..≈## #.###5#
#..≈#


You could see a jiangshi (summoned, corroded).

Vanquished Creatures
  A deep elf annihilator (D)
  A hydra (D)
  2 centaur warriors (D)
  Sonja (D)
  2 unseen horrors (D)
  A deep troll (D)
  An oklob plant (D)
  2 kobold demonologists (D)
  A hornet (D)
  A slime creature (D)
  2 redbacks (D)
  A yak (D)
  A floating eye (D)
  A necrophage (D)
  An ogre (D)
  4 jellies (D)
  Ijyb (D)
  2 ballistomycete spores (D)
26 creatures vanquished.

Vanquished Creatures (collateral kills)
  A lindwurm (D)
  8 shining eyes (D)
  A gargoyle (D)
  4 demonic crawlers (D)
  Sigmund (D)
  13 hogs (D)
  6 floating eyes (D)
  6 necrophages (D)
  4 jellies (D)
44 creatures vanquished.

Vanquished Creatures (others)
  the Lernaean hydra (D)
  2 merfolk sirens (D)
  A gargoyle (D)
  3 hornets (D)
7 creatures vanquished.

Grand Total: 77 creatures vanquished

Notes
Turn   | Place    | Note
-------+----------+-------------------------------------------
     0 | D        | Conn the Octopode Wizard began the quest for the Orb.
     0 | D        | Reached XP level 1. HP: 11/11 MP: 4/4
     1 | D        | Noticed Ijyb
    10 | D        | Killed Ijyb
    10 | D        | Reached skill level 5 in Spellcasting
    10 | D        | Reached XP level 2. HP: 17/17 MP: 4/8
    10 | D        | Reached XP level 3. HP: 21/21 MP: 5/10
    13 | D        | Noticed an ogre
    16 | D        | HP: 1/31 [ogre/+0 giant club (17)]
    18 | D        | Killed an ogre
    18 | D        | Reached skill level 8 in Spellcasting
    18 | D        | Reached XP level 4. HP: 1/27 MP: 5/14
   322 | D        | Learned a level 2 spell: Blink
   325 | D        | Learned a level 2 spell: Call Imp
   329 | D        | Learned a level 3 spell: Conjure Flame
   333 | D        | Learned a level 3 spell: Mephitic Cloud
   333 | D        | Noticed Sigmund
   357 | D        | Killed Sigmund
   357 | D        | Reached skill level 9 in Spellcasting
   357 | D        | Reached XP level 5. HP: 31/31 MP: 0/17
   357 | D        | Reached XP level 6. HP: 36/36 MP: 0/18
   479 | D        | Found a shimmering blue altar of Sif Muna.
   480 | D        | Found an ornate altar of the Wu Jian Council.
   481 | D        | Found a radiant altar of Vehumet.
   485 | D        | Became a worshipper of Sif Muna the Loreminder
   503 | D        | Found Xeytext's Gadget Emporium.
   503 | D        | Found an ancient bone altar of Kikubaaqudgha.
   503 | D        | Found a hazy altar of Hepliaklqana.
   503 | D        | Found a stormy altar of Qazlal.
   503 | D        | Found a hide-covered altar of Uskayaw.
   503 | D        | Found a blossoming altar of Fedhas.
   503 | D        | Found a bloodstained altar of Trog.
   503 | D        | Found an iron altar of Okawaru.
   503 | D        | Found a basalt altar of Yredelemnul.
   503 | D        | Found a glowing golden altar of the Shining One.
   503 | D        | Found a snail-covered altar of Cheibriados.
   503 | D        | Found a sacrificial altar of Ru.
   503 | D        | Found a glowing silver altar of Zin.
   503 | D        | Found a shadowy altar of Dithmenos.
   503 | D        | Found a white marble altar of Elyvilon.
   503 | D        | Noticed a yak
   524 | D        | Killed a yak
   524 | D        | Reached skill level 10 in Spellcasting
   524 | D        | Reached skill level 1 in Poison Magic
   534 | D        | Found an opulent altar of Gozag.
   555 | D        | Found a sparkling altar of Nemelex Xobeh.
   570 | D        | Found a burning altar of Makhleb.
   570 | D        | Found a viscous altar of Jiyva.
   570 | D        | Found a shimmering altar of Xom.
   570 | D        | Found a corrupted altar of Lugonu.
   570 | D        | Noticed a slime creature
   589 | D        | Killed a slime creature
   589 | D        | Reached * piety under Sif Muna
   589 | D        | Reached skill level 11 in Spellcasting
   589 | D        | Reached skill level 5 in Conjurations
   589 | D        | Reached XP level 7. HP: 19/41 MP: 2/21
   764 | D        | Noticed a kobold demonologist
   764 | D        | Noticed a kobold demonologist
   766 | D        | Paralysed by a floating eye for 3 turns
   785 | D        | Killed a kobold demonologist
   785 | D        | Reached skill level 12 in Spellcasting
   797 | D        | Killed a kobold demonologist
   797 | D        | Reached ** piety under Sif Muna
   797 | D        | Reached skill level 5 in Translocations
   797 | D        | Reached skill level 5 in Fire Magic
   797 | D        | Reached XP level 8. HP: 38/47 MP: 7/24
   905 | D        | Noticed Sonja
   913 | D        | Killed Sonja
   913 | D        | Reached skill level 1 in Fighting
   913 | D        | Reached skill level 1 in Staves
   913 | D        | Reached skill level 5 in Stealth
   913 | D        | Reached skill level 13 in Spellcasting
   913 | D        | Reached skill level 1 in Air Magic
   979 | D        | Found Ysuufit's Gadget Boutique.
  1000 | D        | Noticed a deep troll
  1015 | D        | Killed a deep troll
  1015 | D        | Reached XP level 9. HP: 53/53 MP: 10/26
  1104 | D        | Found Hoviur's Armour Emporium.
  1122 | D        | Noticed a centaur warrior
  1126 | D        | Noticed a centaur warrior
  1142 | D        | Killed a centaur warrior
  1142 | D        | Reached skill level 5 in Summonings
  1147 | D        | Killed a centaur warrior
  1147 | D        | Reached *** piety under Sif Muna
  1147 | D        | Reached skill level 14 in Spellcasting
  1147 | D        | Reached skill level 5 in Invocations
  1338 | D        | Noticed a hornet
  1345 | D        | Killed a hornet
  1345 | D        | Reached XP level 10. HP: 41/60 MP: 22/28
  1434 | D        | Noticed an oklob plant
  1601 | D        | Noticed a shining eye
  1601 | D        | Noticed a shining eye
  1601 | D        | Noticed a shining eye
  1632 | D        | Killed a shining eye
  1662 | D        | Killed a shining eye
  1669 | D        | Reached **** piety under Sif Muna
  1705 | D        | Killed a shining eye
  1714 | D        | Noticed a shining eye
  1714 | D        | Noticed a shining eye
  1714 | D        | Noticed a shining eye
  1783 | D        | Killed a shining eye
  1795 | D        | Killed a shining eye
  1795 | D        | Reached ***** piety under Sif Muna
  1795 | D        | Identified Vukk's Almanac of Battle Magic and Calling (Sif
                  | Muna gifted it to you in the Dungeon)
  1795 | D        | Received a gift from Sif Muna
  1849 | D        | Killed a shining eye
  1849 | D        | Reached skill level 15 in Spellcasting
  1860 | D        | Noticed a shining eye
  1860 | D        | Noticed a shining eye
  1872 | D        | Gained mutation: Your magical capacity is low. (-10% MP) [a
                  | shining eye]
  1935 | D        | Killed a shining eye
  2004 | D        | Killed a shining eye
  2019 | D        | Found Rohuh's Gadget Shop.
  2019 | D        | Found Ughip's General Store.
  2019 | D        | Found Hoycri Ritte's Distillery.
  2019 | D        | Found Tuburgh's Jewellery Emporium.
  2027 | D        | Bought an uncursed ring of magical power for 220 gold
                  | pieces
  2087 | D        | Learned a level 5 spell: Lightning Bolt
  2095 | D        | Learned a level 7 spell: Spellforged Servitor
  2099 | D        | Killed an oklob plant
  2216 | D        | Learned a level 3 spell: Call Canine Familiar
  2228 | D        | Identified Sif Muna's Tome of the Escort and Battle Magic
                  | (Sif Muna gifted it to you in the Dungeon)
  2228 | D        | Received a gift from Sif Muna
  2275 | D        | Received a gift from Sif Muna
  2282 | D        | Killed an unseen horror
  2282 | D        | Reached XP level 11. HP: 44/65 MP: 11/27
  2387 | D        | Learned a level 5 spell: Aura of Abjuration
  2393 | D        | Learned a level 5 spell: Summon Demon
  2399 | D        | Learned a level 5 spell: Summon Forest
  2428 | D        | Found Ginump's Weapon Boutique.
  2428 | D        | Found Numoses's Book Shoppe.
  2429 | D        | Found Qiteaheg's General Store.
  2429 | D        | Found Simarool's Jewellery Boutique.
  2431 | D        | Killed an unseen horror
  2432 | D        | Found Filech's Jewellery Emporium.
  2434 | D        | Found Daopnuicw's Armour Emporium.
  2474 | D        | Found Gink's Book Boutique.
  2474 | D        | Found Lycw's Jewellery Shoppe.
  2474 | D        | Found Yseu's General Store.
  2474 | D        | Found Aqemm's Gadget Emporium.
  2474 | D        | Found Higgauxt's Armour Boutique.
  2474 | D        | Found Eboymela's General Store.
  2474 | D        | Found Xoabanko's Jewellery Shop.
  2480 | D        | Found Nempeuw's Gadget Emporium.
  2507 | D        | Bought the cursed ring of Suagrargh {rElec rN+ Str+3 Int-4
                  | Slay-6} for 26 gold pieces
  2514 | D        | Bought an uncursed ring of protection from fire for 275
                  | gold pieces
  2566 | D        | Bought an uncursed ring of protection from cold for 275
                  | gold pieces
  2566 | D        | Bought a +6 ring of intelligence for 643 gold pieces
  2626 | D        | Identified Sif Muna's Disquisition on the Hurtful Entourage
                  | (Sif Muna gifted it to you in the Dungeon)
  2626 | D        | Received a gift from Sif Muna
  2652 | D        | Noticed a lindwurm
  2712 | D        | Killed a lindwurm
  2712 | D        | Reached skill level 10 in Conjurations
  2741 | D        | Reached ****** piety under Sif Muna
  2741 | D        | Identified Sif Muna's Compendium of the Rocks (Sif Muna
                  | gifted it to you in the Dungeon)
  2741 | D        | Received a gift from Sif Muna
  2749 | D        | Reached skill level 16 in Spellcasting
  2778 | D        | Identified Sif Muna's Incunabulum of the Destructive Escort
                  | (Sif Muna gifted it to you in the Dungeon)
  2778 | D        | Received a gift from Sif Muna
  2809 | D        | Noticed a 12-headed hydra
  2811 | D        | Paralysed by a floating eye for 3 turns
  2993 | D        | Killed a 12-headed hydra
  3021 | D        | Noticed a deep elf annihilator
  3023 | D        | Noticed a sun demon
  3120 | D        | Learned a level 4 spell: Iskenderun's Mystic Blast
  3123 | D        | Learned a level 2 spell: Searing Ray
  3130 | D        | Learned a level 5 spell: Fireball
  3179 | D        | Killed the 27-headed Lernaean hydra
  3197 | D        | Noticed a jiangshi
  3211 | D        | Noticed a mummy priest
  3212 | D        | Killed a deep elf annihilator
  3223 | D        | HP: 1/65 [jiangshi[a mummy priest] (21)]
  3224 | D        | Slain by a jiangshi

Illustrated notes

Levels and vault maps discovered:
D:        dungeon_sprint_1 [red_sonja_temple_1, red_sonja_temple_small_1]

Skill      XL: |  1  2  3  4  5  6  7  8  9 10 11 |
---------------+----------------------------------+-----
Stealth        | 3 4 5 6 7 |  7.0
Spellcasting   | 5 8 9 11 12 13 14 15 16 | 16.4
Conjurations   | 2 3 4 5 6 7 8 9 10 | 10.4
Dodging        | 3 4 |  4.0
Translocations | 2 4 5 |  5.3
Fire Magic     | 2 3 5 6 7 8 9 |  9.9
Poison Magic   | 1 2 3 4 |  4.3
Summonings     | 2 3 4 5 7 9 |  9.4
Fighting       | 1 2 |  2.5
Staves         | 1 |  1.8
Air Magic      | 1 2 3 |  3.8
Invocations    | 3 5 7 8 |  8.8
Short Blades   | |  0.8
Throwing       | |  0.4
Evocations     | |  0.4

Action                   |  1- 3 |  4- 6 |  7- 9 | 10-12 || total
-------------------------+-------+-------+-------+-------++-------
Melee: Unarmed           |     8 |     3 |       |       ||    11
       Tentacles         |     1 |       |     1 |     1 ||     3
       Staff             |       |       |    14 |       ||    14
       Constrict         |       |       |     5 |     1 ||     6
       Dagger            |       |       |    13 |     1 ||    14
Throw: Dart              |       |       |     1 |       ||     1
 Cast: Magic Dart        |       |    14 |    21 |    25 ||    60
       Call Imp          |       |     9 |     6 |    32 ||    47
       Mephitic Cloud    |       |     3 |    11 |     2 ||    16
       Conjure Flame     |       |     2 |     4 |       ||     6
       Call Canine Famil |       |       |       |     9 ||     9
       Lightning Bolt    |       |       |       |     8 ||     8
       Blink             |       |       |       |     6 ||     6
       Summon Demon      |       |       |       |    22 ||    22
       Summon Forest     |       |       |       |     3 ||     3
       Aura of Abjuratio |       |       |       |     2 ||     2
       Iskenderun's Myst |       |       |       |     1 ||     1
Invok: Forget Spell      |       |       |       |     2 ||     2
Evoke: Wand              |       |     1 |       |       ||     1
  Use: Potion            |     2 |       |       |     3 ||     5
       Scroll            |       |       |       |     2 ||     2
 Stab: Confused          |       |       |     5 |       ||     5
  Eat: Chunk             |       |       |     1 |     2 ||     3
       Ration            |       |       |       |     1 ||     1
Armor: Skin              |     1 |       |       |       ||     1
Dodge: Dodged            |     2 |     3 |    11 |     6 ||    22

Table legend:
 A = Non-vault XP
 B = Vault XP
 C = Vault XP percentage of total XP
 D = Non-vault monster count
 E = Vault monster count
 F = Vault count percentage of total count
                 A         B        C        D         E       F
            +---------+---------+-------+---------+---------+-------
      Total |       0 |   14258 | 100.0 |       0 |      68 | 100.0
            +---------+---------+-------+---------+---------+-------
          D |       0 |   14258 | 100.0 |       0 |      68 | 100.0
            +---------+---------+-------+---------+---------+-------
